Map: Orbital Shipyard

Players

Wellmet

  • Race: Terran Terran
  • League: Platinum

RepliCant - Winner!

  • Race: Terran Terran
  • League: Platinum

VOD

Have the link to the VOD?

Description

Time

  • Played on: Nov. 11, 2015, 10:28 a.m.
  • Length: 9:23
Show
View Real Time Build Order
Export as new Build Order

Wellmet Terran 

Build Orders: 1/1/1, Banshee Rush 

Get SALT Encoding   

  12  0:01  SCV  
  13  0:13  SCV  
  14  0:18  Supply Depot  
  14  0:25  SCV  
  15  0:30  Refinery  
  15  0:40  SCV  
  16  0:46  Barracks  
  16  0:52  SCV  
  17  1:04  SCV  
  18  1:16  SCV  
  19  1:22  Refinery  
  20  1:37  Orbital Command  
  20  1:38  Factory  
  20  1:39  Marine  
  20  1:50  Supply Depot  
  20  2:03  Barracks Reactor  
  20  2:04  SCV  
  20  2:16  SCV  
  21  2:24  Starport  
  21  2:28  SCV  
  22  2:30  Factory Tech Lab  
  22  2:39  Marine x2  
  22  2:40  SCV  
  25  2:47  Supply Depot  
  24  2:52  SCV  
  25  2:59  Factory Tech Lab  
  25  3:00  Marine  
  25  3:01  Marine  
  27  3:07  Cloaking Field  
  27  3:08  Banshee  
  27  3:10  SCV  
  31  3:20  Siege Tank  
  31  3:21  Marine  
  31  3:24  Marine  
  36  3:30  Supply Depot, SCV  
  37  3:39  Marine  
  38  3:41  Marine  
  38  3:46  Supply Depot  
  39  3:51  SCV  
  39  3:54  Siege Tank  
  43  4:00  Banshee  
  46  4:04  Marine  
  46  4:07  Marine  
  48  4:12  Supply Depot  
  48  4:14  SCV  
  49  4:22  Marine  
  50  4:25  Marine  
  50  4:27  Siege Tank  
  54  4:33  SCV  
  51  4:57  Command Center  
  51  5:09  SCV  
  51  5:11  Siege Tank  
  51  5:12  Barracks  
  55  5:19  Marine x2  
  55  5:21  Starport Reactor  
  57  5:27  SCV  
  54  5:38  Marine  
  54  5:39  SCV, Marine  
  57  5:44  Barracks  
  57  5:51  SCV  
  48  6:00  Marine x2  
  48  6:01  Siege Tank, Stimpack  
  48  6:04  SCV  
  50  6:11  Orbital Command  
  50  6:13  Starport Reactor  
  50  6:17  SCV  
  50  6:18  Marine  
  52  6:19  Marine  
  50  6:30  Marine  
  51  6:34  Refinery  
  51  6:35  Liberator  
  51  6:36  Siege Tank, Marine x2  
  51  6:38  Marine  
  57  6:41  SCV x2  
  59  6:50  Marine  
  59  6:51  Marine  
  64  6:56  SCV, Marine x2  
  64  6:57  Marine  
  64  7:00  Medivac  
  70  7:01  SCV  
  70  7:05  Supply Depot  
  71  7:08  Marine  
  70  7:16  Marine x2  
  70  7:20  Marine  
  70  7:22  Siege Tank  
  76  7:26  Marine  
  76  7:27  Supply Depot  
  76  7:29  Supply Depot  
  77  7:30  Marine  
  77  7:32  Medivac  
  80  7:42  Marine x2  
  80  7:43  SCV x2  
  74  7:54  Marine x2  
  74  7:56  Siege Tank  
  60  7:59  SCV  
  60  8:01  Marine x2  
  55  8:10  Marine  
  55  8:11  Marine  
  53  8:13  SCV  
  53  8:14  SCV  
  55  8:21  Command Center, Marine x2  
  55  8:22  Starport, Marine  
  54  8:30  SCV  
  54  8:31  Marine x2  
  54  8:34  Siege Tank  
  54  8:38  SCV  
  58  8:46  Marine  
  58  8:47  Marine x2  
  57  8:51  Marine x2  
  57  8:54  SCV  
  58  8:57  Supply Depot  
  60  9:19  Barracks  
  60  9:22  Barracks  
Show
View Real Time Build Order
Export as new Build Order

RepliCant Terran - Winner!

Build Orders: Reaper Expand 

Get SALT Encoding   

  12  0:01  SCV  
  13  0:13  SCV  
  14  0:18  Supply Depot  
  14  0:25  SCV  
  15  0:40  SCV  
  16  0:45  Barracks  
  16  0:47  Refinery  
  16  0:52  SCV  
  17  1:04  SCV  
  18  1:20  SCV  
  19  1:34  Orbital Command  
  19  1:36  Reaper  
  20  1:47  Command Center  
  20  1:56  Refinery  
  20  2:01  SCV  
  20  2:04  Supply Depot  
  21  2:09  Barracks Reactor  
  21  2:14  SCV  
  22  2:26  SCV  
  22  2:29  Factory  
  23  2:38  SCV  
  24  2:49  Marine x2  
  24  2:50  SCV  
  27  3:04  SCV  
  27  3:05  Orbital Command  
  28  3:08  Marine x2  
  30  3:14  Factory Tech Lab  
  30  3:16  Starport  
  30  3:17  Engineering Bay  
  30  3:21  SCV  
  31  3:29  Marine  
  31  3:30  Marine  
  31  3:31  Supply Depot  
  31  3:33  SCV  
  34  3:38  Widow Mine  
  36  3:43  SCV  
  37  3:51  Marine x2  
  37  3:53  SCV  
  39  4:01  Viking  
  41  4:03  SCV  
  41  4:07  Siege Tank  
  45  4:12  Marine x2  
  45  4:14  SCV  
  48  4:19  SCV  
  49  4:24  Missile Turret  
  49  4:26  Missile Turret  
  49  4:27  Missile Turret  
  50  4:31  SCV x2  
  49  4:48  Marine  
  49  4:49  Siege Tank, Marine  
  53  4:57  SCV  
  54  5:01  Supply Depot  
  54  5:02  Refinery  
  54  5:03  Supply Depot  
  54  5:07  Refinery  
  54  5:08  Terran Infantry Weapons Level 1  
  54  5:11  Supply Depot  
  54  5:23  SCV, Viking  
  54  5:39  Marine x2  
  54  5:40  Siege Tank  
  56  6:02  SCV x2  
  58  6:05  Marine x2  
  60  6:11  Command Center  
  60  6:12  Barracks  
  60  6:14  SCV  
  60  6:15  Barracks  
  60  6:16  SCV  
  60  6:18  Viking  
  63  6:26  SCV, Marine x2  
  66  6:35  Siege Tank  
  66  6:37  SCV  
  66  6:38  SCV  
  71  6:40  Supply Depot, Refinery  
  71  6:42  Supply Depot  
  71  6:46  Supply Depot  
  71  6:48  Marine x2  
  71  6:51  Starport Reactor  
  73  6:57  SCV x2  
  75  7:02  Supply Depot  
  75  7:03  Supply Depot  
  75  7:05  Barracks Tech Lab  
  75  7:07  Barracks Reactor  
  75  7:08  Marine x2  
  77  7:21  Siege Tank  
  81  7:22  SCV  
  81  7:23  SCV  
  81  7:26  Marine  
  81  7:27  Marine  
  81  7:28  Medivac  
  85  7:53  Marine x4  
  85  7:54  Marine  
  84  7:59  Siege Tank  
  82  8:09  Medivac x2  
  82  8:11  Marine x2  
  82  8:12  SCV, Orbital Command  
  77  8:24  Marine x3  
  80  8:32  Barracks  
  80  8:33  Barracks  
  74  8:49  Marine  
  74  8:50  Marine x4  
  74  8:53  SCV  
  77  8:57  Orbital Command  
Tags
 
Add a new tag
Caveats
  • Supply blocks, unpowered buildings, or Contaminate may cause inaccurate times.
  • Supply counts are checked every 10 seconds.